[Event "Team 45 45 League T53"]
[Site "Internet Chess Club"]
[Date "2012.07.15"]
[Round "9"]
[White "arconia"]
[Black "chicopee-ed"]
[Result "0-1"]
[WhiteElo "1292"]
[BlackElo "1322"]
[Opening "French defense"]
[ECO "C00"]
[Time "10:00:15"]
[TimeControl "2700+45"]

1. e4 e6 2. Nf3 d5 3. e5 c5 4. Be2 Nc6 5. O-O Nge7 6. b3 Ng6 7. Bb2 d4 8. d3
Ncxe5 9. Nxe5 Nxe5 10. c3 b6 11. Nd2 Bb7 12. f4 Nc6 13. Ne4 Be7 14. Rf3 dxc3 15.
Bxc3 Nd4 16. Rg3 Bf6 17. Nxf6+ Qxf6 18. Rc1 O-O 19. Qf1 Rad8 20. Bg4 Qe7 21. Bh3
f5 22. Re1 Rd5 23. Bxd4 cxd4 24. Rg5 g6 25. Qf2 Rf7 26. g3 Rf6 27. Bg2 h6 28.
Bxd5 Bxd5 29. Rh5 gxh5 30. Rc1 Rf7 31. Qxd4 Qf6 32. Rc8+ Kg7 33. Qa4 Qa1+ 34.
Kf2 Qb2+ 35. Ke3 Qxh2 36. Qd4+ Rf6 37. Rc7+ Kg6 38. Qa4 Qg1+ 39. Kd2 Qf2+ 40.
Kc1 Qe1+ 41. Kb2 Qd2+ 42. Ka3 Qa5 43. Qxa5 bxa5 44. Rxa7 h4 45. gxh4 Kh5 46.
Rxa5 Kxh4 47. b4 Kh3 48. b5 Kg4 49. b6 h5 50. Ra7 Kxf4 51. b7 Bxb7 52. Rxb7 h4
53. Rb4+ Kg5 54. Rb2 Rh6 55. Rg2+ Kf4 56. Kb3 h3 57. Rc2 h2 58. Rxh2 Rxh2 59. a4
Ke3 60. a5 f4 61. Kb4 Ra2 62. Kb5 f3 63. a6 f2 64. Kb6 f1=Q 65. a7 Kxd3 {White
resigns} 0-1

[Event "Team 45 45 League T53"]
[Site "Internet Chess Club"]
[Date "2012.07.13"]
[Round "9"]
[White "Aquaman"]
[Black "lawth3"]
[Result "1-0"]
[WhiteElo "1322"]
[BlackElo "1219"]
[Opening "Réti opening"]
[ECO "A05"]
[Time "20:00:07"]
[TimeControl "2700+45"]

1. Nf3 Nf6 2. g3 e6 3. Bg2 d5 4. c3 Be7 5. d3 O-O 6. O-O Nbd7 7. Nbd2 b6 8. e4
dxe4 9. dxe4 e5 10. Re1 h6 11. Qc2 Bb7 12. Nh4 Bc5 13. b4 Be7 14. Nf5 c5 15.
Nxe7+ Qxe7 16. Ba3 Rac8 17. Qb2 a6 18. bxc5 Qd8 19. c6 Bxc6 20. Bxf8 Qxf8 21.
Nc4 b5 22. Na5 Ba8 23. Rad1 Nc5 24. Qc2 Na4 25. Re3 Nxe4 26. Bxe4 Bxe4 27. Qxe4
Nxc3 28. Rxc3 Rxc3 29. Qxe5 Ra3 30. Nc6 Kh7 31. Rd2 Qc8 32. Qe4+ g6 33. h4 h5
34. Rd8 Qe6 35. Qxe6 fxe6 36. Rd2 Kh6 37. Ne5 g5 38. Nf7+ Kg6 39. Nxg5 e5 40.
Ne4 Kf5 41. Nc5 Kg4 42. Kg2 a5 43. Ne4 Kf5 44. Nd6+ Kg4 45. Nxb5 Ra4 46. f3+ Kf5
47. Nd6+ Ke6 48. Ne4 Rd4 49. Rb2 Rc4 50. Nd2 Rc3 51. Ne4 Rc6 52. Kf2 a4 53. Nd2
Kf5 54. Ne4 a3 55. Rd2 Rb6 56. Nd6+ Ke6 57. Nc4 Ra6 58. Rd3 Kf5 59. Rxa3 Rc6 60.
Ne3+ Ke6 61. Ke2 Rb6 62. Rb3 Ra6 63. a3 Kd6 64. Nc4+ Kd5 65. Ne3+ Kd4 66. Rd3+
Kc5 67. Nc2 Ra4 68. Rc3+ Kd5 69. Ke3 e4 70. Nb4+ Kd6 71. fxe4 {Black resigns}
1-0

[Event "Team 45 45 League T53"]
[Site "Internet Chess Club"]
[Date "2012.07.12"]
[Round "9"]
[White "chips"]
[Black "johnnyw"]
[Result "1-0"]
[WhiteElo "1205"]
[BlackElo "1063"]
[Opening "Polish (Sokolsky) opening"]
[ECO "A00"]
[Time "15:00:10"]
[TimeControl "2700+45"]

1. b4 Nf6 2. Bb2 d5 3. Bxf6 gxf6 4. d4 e5 5. a3 Nc6 6. e3 Qe7 7. c3 Bf5 8. Bb5
Qe6 9. Ne2 O-O-O 10. Ng3 Rg8 11. Bd3 e4 12. Bb5 Bg4 13. Qa4 a6 14. Bxc6 Qxc6 15.
Qxc6 bxc6 16. O-O c5 17. bxc5 c6 18. Nd2 f5 19. Rab1 Kc7 20. Rb2 Rb8 21. Rxb8
Kxb8 22. Rb1+ Ka7 23. Rb6 Rg6 24. h3 Bd1 25. Nxf5 Rg5 26. Ng3 h5 27. Rxc6 h4 28.
Nh1 Bf3 29. Nxf3 exf3 30. g3 f5 31. Rf6 a5 32. Rxf8 f4 33. exf4 hxg3 34. fxg3
{Black resigns} 1-0

[Event "Team 45 45 League T53"]
[Site "Internet Chess Club"]
[Date "2012.07.15"]
[Round "9"]
[White "gareth"]
[Black "Morovon23"]
[Result "1-0"]
[WhiteElo "2224"]
[BlackElo "2353"]
[Opening "Richter-Veresov attack"]
[ECO "D01"]
[Time "23:02:17"]
[TimeControl "2700+45"]

1. d4 Nf6 2. Nc3 d5 3. Bg5 Nbd7 4. e3 c6 5. f4 Ne4 6. Nxe4 dxe4 7. Ne2 Qb6 8.
Rb1 Nf6 9. Nc3 Bf5 10. Bc4 h6 11. Bxf6 gxf6 12. Qd2 e6 13. a3 O-O-O 14. O-O Bd6
15. b4 Qc7 16. b5 c5 17. b6 axb6 18. Na4 cxd4 19. Nxb6+ Kb8 20. Qa5 Qc5 21. Rb5
Qxa3 22. Na4 Qxe3+ 23. Kh1 Qa3 24. Rfb1 Rd7 25. Qa6 {Black resigns} 1-0

[Event "Team 45 45 League T53"]
[Site "Internet Chess Club"]
[Date "2012.07.17"]
[Round "9"]
[White "MikeA"]
[Black "Pomberito"]
[Result "1/2-1/2"]
[WhiteElo "2209"]
[BlackElo "2099"]
[Opening "Two knights defense (Modern bishop's opening)"]
[ECO "C55"]
[Time "18:02:19"]
[TimeControl "2700+45"]

1. e4 e5 2. Nf3 Nc6 3. Bc4 Nf6 4. d3 Be7 5. O-O O-O 6. Re1 d6 7. c3 Na5 8. Nbd2
Nxc4 9. Nxc4 Re8 10. h3 h6 11. Qc2 Bf8 12. Bd2 g6 13. Qc1 Kh7 14. a4 Bg7 15. Rb1
{Game drawn by mutual agreement} 1/2-1/2

[Event "Team 45 45 League T53"]
[Site "Internet Chess Club"]
[Date "2012.07.16"]
[Round "9"]
[White "zozobob"]
[Black "StephenHawking"]
[Result "1/2-1/2"]
[WhiteElo "2090"]
[BlackElo "2233"]
[Opening "French: Tarrasch, closed variation, main line"]
[ECO "C06"]
[Time "22:11:49"]
[TimeControl "2700+45"]

1. e4 e6 2. d4 d5 3. Nd2 Nf6 4. e5 Nfd7 5. Bd3 c5 6. c3 Nc6 7. Ne2 cxd4 8. cxd4
f6 9. exf6 Nxf6 10. Nf3 Qc7 11. O-O Bd6 12. Bg5 O-O 13. Rc1 Ng4 14. Ng3 g6 15.
Re1 Qb6 16. h3 Nxf2 17. Kxf2 Nxd4 18. Be3 Qxb2+ 19. Be2 Nxf3 20. gxf3 Qf6 21.
Kg2 Bd7 22. Qd4 Qf7 23. Red1 Bc6 24. Bh6 Rfe8 25. Qg4 e5 26. Ne4 Ba3 27. Ng5 Qe7
28. Rb1 Rad8 29. Bb5 Qd7 30. Qxd7 Rxd7 31. Bxc6 bxc6 32. Ne4 Rf7 33. Rb3 Be7 34.
Nf2 Bd6 35. Ne4 Be7 36. Nf2 Bd6 37. Ne4 Be7 38. Nf2 {Game drawn by repetition}
1/2-1/2

[Event "Team 45 45 League T53"]
[Site "Internet Chess Club"]
[Date "2012.07.14"]
[Round "9"]
[White "mcplayerus"]
[Black "robertoalvarez"]
[Result "0-1"]
[WhiteElo "1993"]
[BlackElo "2201"]
[Opening "Dutch: classical variation"]
[ECO "A96"]
[Time "15:05:30"]
[TimeControl "2700+45"]

1. d4 e6 2. Nf3 f5 3. g3 Nf6 4. Bg2 Be7 5. c4 O-O 6. O-O d6 7. b3 Ne4 8. Bb2 a5
9. Nc3 Nc6 10. d5 Bf6 11. Nxe4 Bxb2 12. Rb1 fxe4 13. Nd2 Ba3 14. dxc6 d5 15.
cxb7 Bxb7 16. e3 Qg5 17. Qc2 Bb4 18. Rbd1 c6 19. Nb1 Qf6 20. c5 Qe7 21. Rc1 Ba6
22. a3 Bd3 23. Qb2 Bxf1 24. Bxf1 Bxc5 25. Bh3 Rf6 26. Qc3 Bxa3 27. Nxa3 Qxa3 28.
Qxc6 Raf8 29. Rf1 Kh8 30. Qd7 Qxb3 31. Bxe6 a4 32. Bxd5 Qb2 33. Bxe4 Rxf2 34.
Rd1 Qe2 35. Qd3 Rf1+ 36. Rxf1 Rxf1# {White checkmated} 0-1

[Event "Team 45 45 League T53"]
[Site "Internet Chess Club"]
[Date "2012.07.13"]
[Round "9"]
[White "Juan73"]
[Black "Lee-D"]
[Result "0-1"]
[WhiteElo "1667"]
[BlackElo "1540"]
[Opening "Scandinavian (center counter) defense"]
[ECO "B01"]
[Time "19:03:48"]
[TimeControl "2700+45"]

1. e4 d5 2. exd5 Qxd5 3. Nc3 Qa5 4. Nf3 Nf6 5. Bc4 Bf5 6. d3 e6 7. Bd2 c6 8. O-O
Qc7 9. Qc1 Bd6 10. Ne2 Bg4 11. Bf4 Bxf3 12. Bxd6 Qxd6 13. gxf3 O-O 14. Qf4 Qxf4
15. Nxf4 a5 16. a4 Nbd7 17. d4 e5 18. dxe5 Nxe5 19. Ba2 Nxf3+ 20. Kg2 Nd4 21. c3
Nf5 22. Ne6 Rfc8 23. Rfe1 Nd5 24. Nc5 Rc7 25. Re5 Nh4+ 26. Kh1 Ng6 27. Re4 b6
28. Nb3 Re7 29. Rae1 Rae8 30. Rxe7 Rxe7 31. Rd1 Re2 32. Rd2 Rxd2 33. Nxd2 Ngf4
34. Bb1 Nf6 35. Nc4 N6d5 36. Ne5 Ne7 37. c4 c5 38. Nd7 Nc8 39. Be4 Nd6 40. Bd5
Nxd5 41. cxd5 Nc8 42. Kg2 f6 43. Kf3 Kf7 44. Nb8 Ke7 45. Na6 Kd6 46. Ke4 g6 47.
Nb8 f5+ 48. Kf4 Kxd5 49. Nd7 h6 50. Nf8 Ne7 51. Nd7 g5+ 52. Ke3 f4+ 53. Kd3 c4+
54. Ke2 Kd6 55. Nxb6 Kc5 56. Nd7+ Kb4 57. Kd2 Nd5 58. Ne5 c3+ 59. bxc3+ Nxc3 60.
Nc6+ Kc5 61. Nxa5 Nxa4 62. Kd3 Nb2+ 63. Ke4 Nd1 64. Kf3 Kd5 65. h3 h5 66. Nb3
Ke5 67. Nc1 Kf5 68. Nd3 g4+ 69. hxg4+ hxg4+ 70. Kg2 Nc3 71. Ne1 Nd5 72. Nd3 Kg5
73. Ne5 Kf5 74. Nd3 Ne7 75. Ne1 Ng6 76. Nc2 Nh4+ 77. Kh2 Ke4 78. Ne1 Nf3+ 79.
Nxf3 Kxf3 80. Kg1 Ke2 81. Kg2 f3+ 82. Kg1 Ke1 83. Kh2 Kxf2 84. Kh1 Ke2 {White
resigns} 0-1

[Event "Team 45 45 League T53"]
[Site "Internet Chess Club"]
[Date "2012.07.17"]
[Round "9"]
[White "milesotoole"]
[Black "samjalex87"]
[Result "1-0"]
[WhiteElo "1595"]
[BlackElo "1138"]
[Opening "Blackmar gambit"]
[ECO "D00"]
[Time "14:35:09"]
[TimeControl "2700+45"]

1. d4 d5 2. e4 dxe4 3. Nc3 Nf6 4. f3 exf3 5. Nxf3 Bg4 6. h3 Bh5 7. g4 Bg6 8. Ne5
Nbd7 9. Qf3 Nxe5 10. dxe5 Nd7 11. e6 Ne5 12. exf7+ Nxf7 13. Bb5+ c6 14. Bxc6+
bxc6 15. Qxc6+ Qd7 16. Qxa8+ Nd8 17. Bg5 Qe6+ 18. Kf1 Qc4+ 19. Kg2 Bxc2 20. Rac1
Bd3 21. b3 Qc6+ 22. Qxc6+ Nxc6 23. Rhd1 Ba6 24. Nd5 Bb7 25. Kg3 h6 26. Nc7+ Kf7
27. Rf1+ Kg8 28. Ne6 hxg5 29. Rxf8+ Kh7 30. Nxg5+ Kg6 31. Rxh8 Kxg5 32. Rc5+ Kg6
33. Kf4 Nd4 34. Rg5+ Kf7 35. Ra5 Ne6+ 36. Kf5 g6+ 37. Ke5 Nf8 38. Rxa7 Kg7 39.
Rxf8 {Black resigns} 1-0

[Event "Team 45 45 League T53"]
[Site "Internet Chess Club"]
[Date "2012.07.13"]
[Round "9"]
[White "emilyjuarez"]
[Black "burnsy"]
[Result "1-0"]
[WhiteElo "1289"]
[BlackElo "1486"]
[Opening "Grünfeld: Spassky variation, main line, 10...cd, 11.cd"]
[ECO "D88"]
[Time "19:15:40"]
[TimeControl "2700+45"]

1. d4 Nf6 2. c4 g6 3. Nc3 d5 4. cxd5 Nxd5 5. e4 Nxc3 6. bxc3 Bg7 7. Bc4 c5 8.
Ne2 cxd4 9. cxd4 O-O 10. O-O Nc6 11. Be3 Bg4 12. f3 Bd7 13. Rc1 e6 14. Qd2 Na5
15. Bd3 Nc6 16. Rfd1 Qe7 17. e5 f6 18. f4 fxe5 19. dxe5 Qh4 20. Bxg6 Nxe5 21.
fxe5 Bxe5 22. g3 Qg4 23. Qxd7 Qxg6 24. Qxb7 Qg4 25. Qg2 Rf3 26. Rf1 Rxe3 27.
Qxa8+ Kg7 28. Qxa7+ Kh6 29. Qxe3+ {Black resigns} 1-0

[Event "Team 45 45 League T53"]
[Site "Internet Chess Club"]
[Date "2012.07.12"]
[Round "9"]
[White "Iowa-Archer"]
[Black "pereelcoix"]
[Result "0-1"]
[WhiteElo "1432"]
[BlackElo "1248"]
[Opening "KGA: Fischer defense"]
[ECO "C34"]
[Time "12:00:08"]
[TimeControl "2700+45"]

1. e4 e5 2. f4 exf4 3. Nf3 d6 4. Bc4 Nf6 5. Nc3 Nc6 6. d4 Bg4 7. Bxf4 Bxf3 8.
gxf3 Be7 9. Qd2 O-O 10. O-O-O a6 11. Rhg1 g6 12. Rg2 b5 13. Bd5 Nxd5 14. Nxd5 a5
15. Bh6 Re8 16. Bg5 Bxg5 17. Qxg5 Qxg5+ 18. Rxg5 Rec8 19. e5 dxe5 20. dxe5 Rd8
21. Nxc7 Rxd1+ 22. Kxd1 Rd8+ 23. Kc1 Nd4 24. f4 Ne2+ 25. Kb1 Rd1# {White
checkmated} 0-1